 Dungeon Crawl Stone Soup version 0.32-a0-329-ge6c31236d6 (webtiles) character file.

Game seed: 1953223803670379427

1588206 adelrune the Pyromancer (level 26, 216/246 HPs)
             Began as a Mountain Dwarf Fighter on Feb 15, 2024.
             Was a High Priest of Qazlal.
             Escaped with the Orb
             ... and 3 runes on Feb 16, 2024!
             The game lasted 03:44:24 (78597 turns).

adelrune the Pyromancer (Mountain Dwarf Fighter)   Turns: 78597, Time: 03:44:25

Health: 216/246    AC: 35    Str: 30      XL:     26   Next: 80%
Magic:  37/37      EV: 18    Int: 13 (14) God:    Qazlal [*****.]
Gold:   2543       SH: 40    Dex: 19      Spells: 19/45 levels left

rFire   + + .        M - +9 broad axe of Brutal Revenge {speed, rElec rF+ Will+}
rCold   + + .        o - +5 tower shield of Ciduuh {Rampage rF+ Str+2}
rNeg    . . .        Z - +8 plate armour {rPois}
rPois   +            H - +1 helmet of the Thistle {rElec Dex+5}
rElec   +            N - +2 cloak {Will+}
rCorr   +            (no gloves)
SInv    .            m - +2 pair of boots {Stlth+}
Will    ++++.        T - amulet of the Baku {Reflect Str+4 SH+5} Stlth
                     U - ring of Lady Luck {rF+ EV+5 Dex-3 Slay+2}
HPRegen 0.61/turn    u - ring "Nafiecvoah" {rPois rC++ rCorr Int-2 Dex+6}
MPRegen 0.25/turn

%: repel missiles, reflection, rampage
@: studying Short Blades
A: runic magic, artefact enchanting, thin skeletal structure 1, deterioration 1,
mutation resistance 1, heat vulnerability 1
0: Orb of Zot
}: 3/15 runes: serpentine, barnacled, silver
a: Renounce Religion, Upheaval, Elemental Force, Disaster Area


You escaped.
You worshipped Qazlal.
Qazlal was extremely pleased with you.
You visited 10 branches of the dungeon, and saw 48 of its levels.
You also visited: Ossuary, Bailey and Gauntlet.

You collected 6905 gold pieces.
You spent 4362 gold pieces at shops.

Inventory:

Hand Weapons
 B - a +5 flail of draining
 M - the +9 broad axe of Brutal Revenge (weapon) {speed, rElec rF+ Will+}
   (You found it on level 14 of the Dungeon)

   rF+:       It protects you from fire.
   rElec:     It insulates you from electricity.
   Will+:     It increases your willpower.
Missiles
 J - 9 throwing nets
Armour
 m - a +2 pair of boots of stealth (worn)
 o - the +5 tower shield of Ciduuh (worn) {Rampage rF+ Str+2}
   (You acquired it on level 4 of the Shoals)

   Str+2:     It affects your strength (+2).
   rF+:       It protects you from fire.
   Rampage:   It bestows one free step when moving towards enemies.
 H - the +1 helmet of the Thistle (worn) {rElec Dex+5}
   (You found it on level 1 of the Elven Halls)

   Dex+5:     It affects your dexterity (+5).
   rElec:     It insulates you from electricity.
 N - a +2 cloak of willpower (worn)
 Z - a +8 plate armour of poison resistance (worn)
Jewellery
 h - the ring "Qaitezxe" {rN+ Str+6 Slay+4}
   (You took it off an ironbound convoker on level 5 of the Vaults)

   [ring of slaying]

   Str+6:     It affects your strength (+6).
   Slay+4:    It affects your accuracy & damage with ranged weapons and melee
   (+4).
   rN+:       It protects you from negative energy.
 j - the ring "Keatty" {rF+ rC+ rCorr Str+3 Dex+6}
   (You took it off a deep elf archer on level 1 of the Elven Halls)

   [ring of dexterity]

   Str+3:     It affects your strength (+3).
   Dex+6:     It affects your dexterity (+6).
   rF+:       It protects you from fire.
   rC+:       It protects you from cold.
   rCorr:     It protects you from acid and corrosion.
 u - the ring "Nafiecvoah" (right hand) {rPois rC++ rCorr Int-2 Dex+6}
   (You took it off a deep elf archer on level 1 of the Elven Halls)

   [ring of dexterity]

   Int-2:     It affects your intelligence (-2).
   Dex+6:     It affects your dexterity (+6).
   rC++:      It greatly protects you from cold.
   rPois:     It protects you from poison rCorr: It protects you from acid and
   corrosion.
 K - a ring of see invisible
 T - the amulet of the Baku (around neck) {Reflect Str+4 SH+5}
   (You found it on level 1 of the Vaults)

   [amulet of reflection]

   Reflect:   It reflects blocked missile attacks.
   Str+4:     It affects your strength (+4).
   SH+5:      It affects your SH (+5).
 U - the ring of Lady Luck (left hand) {rF+ EV+5 Dex-3 Slay+2}
   (You took it off a deep elf pyromancer on level 1 of the Elven Halls)

   [ring of evasion]

   EV+5:      It affects your evasion (+5).
   Dex-3:     It affects your dexterity (-3).
   Slay+2:    It affects your accuracy & damage with ranged weapons and melee
   (+2).
   rF+:       It protects you from fire.
Wands
 n - a wand of digging (13)
 p - a wand of flame (83)
 w - a wand of mindburst (75)
 C - a wand of light (53)
 F - a wand of paralysis (34)
 L - a wand of roots (35)
 V - a wand of polymorph (23)
Scrolls
 d - 3 scrolls of silence
 e - 6 scrolls of immolation
 i - 5 scrolls of brand weapon
 v - 5 scrolls of fog
 x - 17 scrolls of teleportation
 y - 6 scrolls of fear
 D - a scroll of enchant weapon
 E - 12 scrolls of vulnerability
 Q - 3 scrolls of torment
 R - 5 scrolls of amnesia
 X - 8 scrolls of poison
 Y - 5 scrolls of revelation
Potions
 b - 11 potions of brilliance
 k - 2 potions of lignification
 l - 8 potions of berserk rage
 q - 23 potions of curing
 r - 4 potions of invisibility
 s - 9 potions of might
 z - 5 potions of resistance
 A - 12 potions of mutation
 G - 4 potions of magic
 I - 4 potions of ambrosia
 O - 6 potions of enlightenment
 P - a potion of haste
 S - 4 potions of cancellation
Miscellaneous
 c - a lightning rod (4/4)
 g - a phantom mirror
 t - a tin of tremorstones (2/2)
 W - a sack of spiders


   Skills:
 - Level 22.0 Fighting
 - Level 18.0 Axes
 - Level 16.8 Armour
 - Level 10.0 Dodging
 - Level 19.3 Shields
 - Level 10.4 Spellcasting
 * Level 18.1 Conjurations
 - Level 11.0 Translocations
 + Level 23.5 Fire Magic
 - Level 5.0 Alchemy
 - Level 16.9 Invocations
 - Level 16.1 Evocations


You had 19 spell levels left.
You knew the following spells:

 Your Spells              Type           Power      Damage    Failure   Level
a - Volatile Blastmotes   Fire/Tloc      100%       2d18      1%          3
b - Sticky Flame          Fire/Alch      44%        2d8       1%          4
c - Flame Wave            Conj/Fire      57%        2d14      1%          4
d - Manifold Assault      Tloc           35%        N/A       2%          4
e - Blink                 Tloc           70%        N/A       1%          2
f - Fire Storm            Conj/Fire      28%        8d7       99%         9

Your spell library contained the following spells:

 Spells                   Type           Power      Damage    Failure   Level
 Magic Dart               Conj           100%       1d8       0%          1
 Shock                    Conj/Air       100%       1d9       1%          1
 Sting                    Conj/Alch      100%       1d9       1%          1
 Searing Ray              Conj           100%       2d8       1%          2
 Dazzling Flash           Conj/Hex       60%        N/A       1%          3
 Inner Flame              Hex/Fire       37%        N/A       1%          3
 Stone Arrow              Conj/Erth      60%        3d10      1%          3
 Ignite Poison            Fire/Alch      44%        N/A       1%          4
 Iskenderun's Mystic Bla  Conj/Tloc      44%        2d10      1%          4
 Summon Blazeheart Golem  Fire/Summ      37%        N/A       1%          4
 Fulminant Prism          Conj/Alch      18%        3d11      2%          4
 Passage of Golubria      Tloc           35%        N/A       2%          4
 Mephitic Cloud           Conj/Alch/Air  26%        N/A       3%          3
 Brom's Barrelling Bould  Conj/Erth      30%        2d5       6%          4
 Irradiate                Conj/Alch      18%        3d17      6%          5
 Mercury Vapours          Alch/Air       26%        N/A       14%         2
 Arcjolt                  Conj/Air       15%        1d25      17%         5
 Cigotuvi's Dreadful Rot  Necr/Alch/Air  22%        N/A       19%         2
 Necrotise                Necr           24%        1d5       26%         1
 Sandblast                Erth           12%        2d6       26%         1
 Slow                     Hex            24%        N/A       26%         1
 Summon Small Mammal      Summ           24%        N/A       26%         1
 Vhi's Electric Charge    Tloc/Air       42%        N/A       26%         4
 Olgreb's Toxic Radiance  Alch           19%        N/A       30%         4
 Call Imp                 Summ           12%        N/A       36%         2
 Sublimation of Blood     Necr           6%         N/A       36%         2
 Freezing Cloud           Conj/Ice/Air   11%        6-21      50%         5
 Call Canine Familiar     Summ           6%         N/A       58%         3
 Fugue of the Fallen      Necr           6%         N/A       58%         3
 Ozocubu's Armour         Ice            6%         N/A       58%         3
 Passwall                 Erth           6%         N/A       58%         3
 Swiftness                Air            6%         N/A       58%         3
 Tukima's Dance           Hex            6%         N/A       58%         3
 Vampiric Draining        Necr           6%         2d6       58%         3
 Petrify                  Alch/Erth      13%        N/A       65%         4
 Alistair's Intoxication  Alch           12%        N/A       65%         5
 Airstrike                Air            3%         2d(1-17)  94%         4
 Anguish                  Hex/Necr       3%         N/A       94%         4
 Animate Armour           Summ/Erth      12%        N/A       94%         4
 Animate Dead             Necr           6%         N/A       94%         4
 Cause Fear               Hex            3%         N/A       94%         4
 Dispel Undead            Necr           6%         3d8       94%         4
 Martyr's Knell           Necr/Summ      6%         N/A       94%         4
 Summon Lightning Spire   Summ/Air       6%         N/A       94%         4
 Yara's Violent Unravell  Hex/Alch       6%         3d5       94%         5
 Eringya's Noxious Bog    Alch           9%         4d6       99%         6
 Spellforged Servitor     Conj/Summ      15%        N/A       99%         7
 Borgnjor's Vile Clutch   Necr/Erth      3%         N/A       100%        5
 Curse of Agony           Necr           6%         N/A       100%        5
 Lee's Rapid Deconstruct  Erth           3%         3d5*      100%        5
 Metabolic Englaciation   Hex/Ice        3%         N/A       100%        5
 Silence                  Hex/Air        3%         N/A       100%        5
 Death Channel            Necr           3%         N/A       100%        6
 Sculpt Simulacrum        Ice/Alch       6%         N/A       100%        6
 Enfeeble                 Hex            3%         N/A       100%        7
 Haunt                    Necr/Summ      3%         N/A       100%        7
 Summon Hydra             Summ           3%         N/A       100%        7
 Infestation              Necr           3%         N/A       100%        8
 Maxwell's Capacitive Co  Air            3%         ∞         100%        8
 Chain Lightning          Conj/Air       15%        3d20      100%        9
 Shatter                  Erth           3%         3d7*      100%        9


Dungeon Overview and Level Annotations

Branches:
Dungeon (15/15)            Temple (1/1) D:5            Lair (5/5) D:8
 Shoals (4/4) Lair:2        Snake (4/4) Lair:2        Slime (0/5) Lair:4
    Orc (2/2) D:10            Elf (3/3) Orc:2        Vaults (5/5) D:13
  Crypt (0/3) Vaults:2     Depths (4/4) D:15            Zot (5/5) Depths:4
Ossuary (visited)          Bailey (visited)         Gauntlet (visited)

Altars:
Ashenzari
Cheibriados
Dithmenos
Elyvilon
Fedhas
Gozag
Hepliaklqana
Kikubaaqudgha
Makhleb
Nemelex Xobeh
Okawaru
Qazlal
Ru
Sif Muna
Trog
Uskayaw
Vehumet
Wu Jian
Xom
Yredelemnul
Zin
The Shining One
Lugonu

Shops:
D:9 !   Orc:2 ([*=   Elf:2 :   Elf:3 *   Snake:2 !*   Snake:3 :   Vaults:2 ?
Vaults:3 [

Portals:
Hell: Depths:1 Depths:2 Depths:3 Depths:4
Abyss: Lair:5 Depths:1 Depths:2 Depths:3
Pandemonium: Depths:2 Depths:3
Ziggurat: Depths:3

Annotations:
D:3 1 runed translucent door, exclusion: downstairs, Splishie's ghost, amateur GnWn
D:7 2 transporters, audacious124's ghost, novice MDMo
D:8 1 runed translucent door, AutarchDCSS's ghost, novice MDRe
D:14 Roxanne
Elf:3 exclusion: 2 doors


Innate Abilities, Weirdness & Mutations

Your spellcasting is much less encumbered by armour.
You can use scrolls of enchantment on lesser artefacts.
You have a somewhat thin skeletal structure. (Dex +2, Stealth+)
Your body sometimes deteriorates upon taking damage.
You are somewhat resistant to further mutation.
You are vulnerable to heat. (rF-)


Message History

You climb upwards.
There is a stone staircase leading down here.
Things that are here:
5 stones; a +0 dagger; a kobold skeleton
There is an open door, spattered with blood here.
Your protection from fire is fading.
You feel less protected from fire.
There is an open door here.
You hear a shout!
You hear a shout!
There is an open door here.
An Orb Guardian comes into view.
There is a stone staircase leading up here.
You climb upwards.
There is a stone staircase leading down here.
There is an open door here.
You open the door.
There is an open door here.
There is an open door here.
A toenail golem comes into view.
The toenail golem attacks as it pursues you!
You block the toenail golem's attack.
The toenail golem attacks as it pursues you!
You block the toenail golem's attack. You block the toenail golem's attack.
There is a staircase leading out of the dungeon here.
You slash the toenail golem!
The toenail golem is moderately damaged.
You slice the toenail golem!!
The toenail golem is severely damaged.
The toenail golem barely misses you.
You slash the toenail golem!
The toenail golem is almost destroyed.
You slash the toenail golem!
The toenail golem is almost destroyed.
You block the toenail golem's attack.
You slash the toenail golem!
You destroy the toenail golem!
Qazlal accepts your kill.
You have escaped!

.....†....######÷#####.)######...
.....†....###.......###......'...
.....†..........⌠.(......#####...
..........##..⌠...⌠..##...# ####
...#'########.......####..#######
...#.# ##..⌠..## ##......†.
...+.# ##...## ###...### ...###
####.°○#### ##..... ...#
#######....@°...#######..... ####
#..........○°.........#.....
#..⌠....⌠.°..°⌠....⌠..#.....
#.....⌠....#....⌠.....#.....
##..⌠....#####....⌠..#######
##....### ###....## # ##>###
###>## # ### ########
############ ..# #......#
#...........


There were no monsters in sight!

Vanquished Creatures
  A pandemonium lord (Depths:4)
  A dread lich (Vaults:5)
  9 orbs of fire
  3 ancient liches
  4 juggernauts
  Sojobo (Depths:4)
  5 Killer Klowns
  Saint Roka (Vaults:5)
  A curse toe (Zot:2)
  A caustic shrike (Depths:4)
  10 golden dragons
  the Enchantress (Depths:4)
  Jory (Depths:3)
  An iron giant (Depths:1)
  A Brimstone Fiend (Depths:3)
  2 electric golems (Zot:5)
  2 walking crystal tomes
  Jorgrun (Elf:2)
  4 liches
  17 tentacled monstrosities
  25 Orb Guardians
  2 Hell Sentinels (Depths:3)
  A walking earthen tome (Depths:1)
  2 walking frostbound tomes
  A walking divine tome (Depths:4)
  4 titans (Vaults:5)
  5 sphinxes
  An Executioner (Zot:5)
  5 quicksilver dragons
  An ancient champion (Depths:1)
  14 shadow dragons
  7 death cobs
  7 storm dragons
  Kirke (Lair:5)
  9 tengu reavers
  The ghost of ezpacito the Severer, an adept DsBe of Lugonu (Shoals:2)
  A nagaraja (Snake:3)
  2 draconian monks
  10 draconian shifters
  15 fire giants
  A draconian knight (Zot:5)
  9 frost giants
  The ghost of zenocrate the Unseen, an adept OpDe of Gozag (Elf:1)
  A balrug (Depths:3)
  18 vault wardens
  6 protean progenitors
  6 draconian scorchers
  Louise (Elf:2)
  A deep elf sorcerer (Elf:1)
  3 ghost moths (Zot:4)
  A draconian stormcaller (Zot:1)
  5 orc warlords
  23 very ugly things
  2 draconian annihilators (Zot:1)
  5 spriggan defenders
  A quicksilver ooze (Vaults:4)
  3 formless jellyfish
  21 ironbound preservers
  22 stone giants
  A vampire knight (Depths:3)
  4 ironbound thunderhulks
  2 deep elf demonologists
  3 black draconians
  2 deep elf death magi
  4 green draconians
  12 red draconians
  2 deep elf annihilators
  A minotaur (Gauntlet)
  3 yellow draconians
  3 purple draconians
  16 spark wasps
  4 war gargoyles (Vaults:5)
  Azrael (D:15)
  7 white draconians
  9 dire elephants
  3 green deaths
  Snorg (D:10)
  9 fire dragons
  6 ettins
  3 merfolk javelineers
  11 yaktaur captains
  3 deep elf high priests
  5 great orbs of eyes
  An entropy weaver (Vaults:4)
  Fannar (Orc:1)
  7 merfolk impalers
  31 vault guards
  A rakshasa (Depths:3)
  5 salamander tyrants
  2 catoblepae
  9 ice dragons
  3 alligators (Shoals:2)
  15 centaur warriors
  2 hell beasts
  7 ironbound frosthearts
  4 hydras
  A peacekeeper (Vaults:4)
  2 jorogumos (Zot:4)
  12 anacondas
  9 spriggan air magi
  5 boulder beetles
  A death knight (D:13)
  2 ogre magi
  42 dancing weapons
  3 alligator snapping turtles
  6 merfolk aquamancers
  7 two-headed ogres
  3 merfolk avatars (Shoals:4)
  6 deep troll shamans
  7 deep troll earth magi
  2 spriggan berserkers
  9 tengu warriors
  13 naga warriors
  4 vampire magi
  8 orc high priests
  3 satyrs
  A hell hog (Depths:1)
  4 thrashing horrors (Lair:5)
  4 occultists
  2 soul eaters (Vaults:2)
  11 naga sharpshooters
  4 shock serpents (Snake:2)
  3 hell knights
  A sun demon (Depths:2)
  2 skysharks
  22 deep elf knights
  A spectral spark wasp (Depths:1)
  6 salamander mystics
  11 sea snakes
  2 goliath frogs (Zot:2)
  8 iron trolls
  A shadow demon (Depths:3)
  60 deep trolls
  4 flayed ghosts
  A swamp dragon (shapeshifter) (Depths:4)
  7 mana vipers
  5 glowing orange brains
  6 arcanists
  6 phantasmal warriors
  A glowing orange brain (shapeshifter) (Vaults:5)
  A sun moth (shapeshifter) (Vaults:4)
  14 lindwurms
  27 ironbound convokers
  A lindwurm (shapeshifter) (Vaults:5)
  19 deep elf archers
  8 naga ritualists
  28 harpies
  33 deep elf pyromancers
  28 deep elf zephyrmancers
  8 orc sorcerers
  23 orc knights
  3 necromancers
  Maurice (D:8)
  4 cyclopes
  15 salamanders
  33 ugly things
  15 manticores
  12 moths of wrath
  22 fauns
  A toenail golem (D:1)
  31 black mambas
  A guardian serpent (shapeshifter) (D:14)
  A meliai (D:13)
  4 large abominations
  3 kobold blastminers
  14 naga magi
  17 vault sentinels
  11 water nymphs
  A rust devil (Depths:1)
  3 elephants (Lair:5)
  7 merfolk sirens
  3 smoke demons
  5 gargoyles
  A moth of wrath (shapeshifter) (Depths:4)
  8 cane toads
  3 unseen horrors (Depths:3)
  3 efreet
  An orange demon (Gauntlet)
  A golden dragon simulacrum (Depths:2)
  An unseen horror (shapeshifter) (Elf:1)
  16 yaktaurs
  A spark wasp simulacrum (Depths:2)
  2 freezing wraiths (Vaults:5)
  A kobold demonologist (Bailey)
  4 rime drakes
  7 komodo dragons
  5 tengu conjurers
  An ice devil (Gauntlet)
  A human skeleton (Vaults:3)
  Prince Ribbit (D:8)
  31 merfolk
  A troll (shapeshifter) (Lair:5)
  6 trolls
  A queen bee (shapeshifter) (Elf:1)
  A merfolk (shapeshifter) (Vaults:5)
  6 wind drakes
  Grinder (D:3)
  A shadow dragon simulacrum (Depths:2)
  5 hornets
  21 blink frogs
  9 dream sheep
  A raiju (Lair:5)
  11 snapping turtles
  12 spriggans
  4 ynoxinuls (Lair:5)
  18 air elementals
  33 water elementals
  52 slime creatures
  A spriggan (shapeshifter) (D:15)
  32 yaks
  2 shadows (D:11)
  3 vampires (D:11)
  2 wyverns
  5 wraiths
  25 fire elementals
  2 steam dragons (D:9)
  7 hogs (Lair:5)
  3 wargs
  2 redbacks (Vaults:4)
  7 basilisks
  8 vampire mosquitoes
  Edmund (D:5)
  5 chaos spawn (Depths:3)
  Menkaure (D:5)
  28 nagas
  An acid dragon (D:13)
  8 water moccasins
  3 hell hounds (D:15)
  2 ice beasts
  An ettin simulacrum (Vaults:3)
  43 orc warriors
  5 black bears
  3 sky beasts (D:9)
  17 small abominations
  8 wolves (Lair:1)
  7 ogres
  4 centaurs
  A laughing skull (Vaults:2)
  2 phantoms
  Blork the orc (D:6)
  3 kobold brigands
  3 elf zombies
  9 bullfrogs
  4 earth elementals
  3 gnoll sergeants
  3 scorpions
  2 glowing shapeshifter simulacra (Depths:2)
  5 wights (D:10)
  The ghost of lunkers the Gusty, a weakling OnAE (D:4)
  13 killer bees
  7 electric eels
  A crimson imp (D:14)
  4 centaur zombies
  2 howler monkeys (D:9)
  3 bombardier beetles
  5 hounds
  3 human zombies (Ossuary)
  3 jellies
  34 orc priests
  A sleepcap (D:7)
  Jessica (D:3)
  A boggart zombie (D:11)
  Ijyb (D:5)
  A gnoll bouda (D:4)
  3 iguanas
  35 orc wizards
  4 hound zombies (Ossuary)
  2 mummies (Ossuary)
  10 adders
  17 gnolls
  A shadow imp (D:5)
  5 white imps
  7 adder zombies (Ossuary)
  4 ribbon worms
  3 dart slugs
  95 orcs
  11 bats
  10 endoplasms
  5 giant cockroaches
  4 gnoll zombies (Ossuary)
  21 goblins
  17 hobgoblins
  3 jackals (D:1)
  26 kobolds
  2 quokkas
  15 ball pythons
  4 frilled lizards
  4 jackal zombies (Ossuary)
  6 kobold zombies (Ossuary)
  5 orc zombies (Ossuary)
  6 rats
  A fire vortex (Zot:1)
2179 creatures vanquished.

Vanquished Creatures (collateral kills)
  Nikola (Snake:1)
  An Orb Guardian (Zot:5)
  A death cob (Zot:5)
  An ironbound preserver (Vaults:1)
  An ironbound frostheart (Vaults:1)
  2 deep trolls (Vaults:1)
  A deep elf archer (Elf:1)
  A deep elf zephyrmancer (Elf:1)
  A water nymph (Shoals:3)
  A vault sentinel (Vaults:1)
  An air elemental (Elf:1)
  An orc warrior (Orc:2)
  2 orcs (Orc:2)
15 creatures vanquished.

Vanquished Creatures (others)
  Josephina (Depths:2)
  A Killer Klown (Zot:4)
  A Tzitzimitl (Depths:2)
  A fire giant (Depths:2)
  A stone giant (Depths:4)
  A fire dragon (Depths:4)
  A merfolk avatar (Shoals:4)
  A dancing weapon (Elf:2)
  An occultist (Depths:2)
  A goliath frog (Shoals:2)
  A harpy (Shoals:4)
  3 lightning spires (Depths:1)
  A necromancer (Depths:1)
  2 deep elf pyromancers
  A moth of wrath (Zot:5)
  Sigmund (Temple)
  A water elemental (Shoals:4)
  2 spriggans (Depths:2)
  2 nagas
  2 orc wizards
26 creatures vanquished.

Grand Total: 2220 creatures vanquished

Notes
Turn   | Place    | Note
-------+----------+-------------------------------------------
     0 | D:1      | adelrune the Mountain Dwarf Fighter began the quest for the
                  | Orb.
     0 | D:1      | Reached XP level 1. HP: 19/19 MP: 1/1
   127 | D:1      | Reached XP level 2. HP: 26/26 MP: 2/2
   291 | D:1      | Reached XP level 3. HP: 31/31 MP: 3/3
   938 | D:1      | Reached XP level 4. HP: 38/40 MP: 4/4
  1640 | D:2      | Found a stormy altar of Qazlal.
  1646 | D:2      | Became a worshipper of Qazlal Stormbringer
  2041 | D:3      | Reached XP level 5. HP: 41/46 MP: 5/5
  2074 | D:3      | Noticed Grinder
  2098 | D:3      | Paralysed by Grinder for 3 turns
  2108 | D:3      | Paralysed by Grinder for 2 turns
  2113 | D:3      | Killed Grinder
  2114 | D:3      | Reached skill level 5 in Axes
  2114 | D:3      | Reached skill level 1 in Invocations
  2114 | D:3      | Reached XP level 6. HP: 22/53 MP: 5/7
  2314 | D:3      | Noticed Jessica
  2328 | D:3      | Killed Jessica
  2469 | D:3      | Found a faded altar of an unknown god.
  2592 | D:3      | Reached * piety under Qazlal
  2713 | D:3      | Found a runed translucent door.
  2713 | D:3      | Noticed Splishie's ghost (amateur GnWn)
  3245 | D:4      | Reached XP level 7. HP: 43/60 MP: 7/9
  3575 | D:4      | Reached skill level 5 in Armour
  3636 | D:4      | Found a sand-covered staircase.
  3641 | Ossuary  | Entered an ossuary
  3652 | Ossuary  | Reached skill level 5 in Fighting
  3723 | Ossuary  | Reached skill level 5 in Shields
  3726 | Ossuary  | Reached ** piety under Qazlal
  3843 | Ossuary  | Reached XP level 8. HP: 21/68 MP: 10/10
  4531 | D:4      | Reached *** piety under Qazlal
  4659 | D:4      | Found a runed translucent door.
  4662 | D:4      | Noticed lunkers's ghost (weakling OnAE)
  4675 | D:4      | Killed lunkers's ghost
  4709 | D:5      | Entered Level 5 of the Dungeon
  4813 | D:5      | Noticed Ijyb
  4854 | D:5      | Killed Ijyb
  4960 | D:5      | Noticed Menkaure
  4980 | D:5      | Killed Menkaure
  5205 | D:5      | Found a staircase to the Ecumenical Temple.
  5215 | D:5      | Noticed Sigmund
  5233 | Temple   | Entered the Ecumenical Temple
  5283 | Temple   | Killed Sigmund
  5284 | Temple   | Reached skill level 5 in Invocations
  5532 | D:5      | Noticed Edmund
  5559 | D:5      | Killed Edmund
  5560 | D:5      | Reached XP level 9. HP: 27/65 MP: 13/13
  6145 | D:5      | Found an opulent altar of Gozag.
  6510 | D:6      | Identified the +0 ring mail of the Ant {+Blink SInv}
  7216 | D:6      | Noticed Blork the orc
  7223 | D:6      | Killed Blork the orc
  7634 | D:7      | Reached **** piety under Qazlal
  7819 | D:7      | Reached skill level 10 in Axes
  7876 | D:7      | Found a transporter.
  7881 | D:7      | Noticed audacious124's ghost (novice MDMo)
  7882 | D:7      | Noticed a moth of wrath
  7938 | D:7      | Found a transporter.
  8284 | D:8      | Noticed Maurice
  8295 | D:8      | Killed Maurice
  8361 | D:8      | Found a runed translucent door.
  8361 | D:8      | Found a shimmering altar of Xom.
  8361 | D:8      | Noticed AutarchDCSS's ghost (novice MDRe)
  8362 | D:8      | Noticed a +0 dagger of chaos
  8366 | D:8      | Noticed Prince Ribbit
  8371 | D:8      | Killed Prince Ribbit
  8372 | D:8      | Reached XP level 10. HP: 86/86 MP: 15/15
  8975 | D:8      | Found a staircase to the Lair.
  9627 | D:9      | Identified the +8 dagger of Hospitality {freeze, Will+}
  9908 | D:9      | Found a glowing silver altar of Zin.
  9908 | D:9      | Noticed an angel
 10003 | D:9      | Found Soeps's Distillery.
 10012 | D:9      | Bought a potion of heal wounds for 65 gold pieces
 10012 | D:9      | Bought 2 potions of ambrosia for 208 gold pieces
 10012 | D:9      | Bought a potion of curing for 39 gold pieces
 10019 | D:9      | Noticed a two-headed ogre
 10028 | D:9      | Killed a two-headed ogre
 10522 | D:10     | Entered Level 10 of the Dungeon
 10522 | D:10     | Noticed a gargoyle
 10534 | D:9      | Killed a gargoyle
 10576 | D:9      | Reached XP level 11. HP: 63/95 MP: 17/17
 11018 | D:10     | Found a flagged portal.
 11033 | Bailey   | Entered a bailey
 11518 | Bailey   | Noticed an orc high priest
 11536 | Bailey   | Noticed a soul eater
 11540 | Bailey   | Killed an orc high priest
 11649 | Bailey   | Noticed a sun demon
 11688 | Bailey   | Found an iron altar of Okawaru.
 12033 | Bailey   | Reached skill level 14 in Fire Magic
 12033 | Bailey   | Reached XP level 12. HP: 103/103 MP: 18/18
 12207 | D:5      | Learned a level 3 spell: Volatile Blastmotes
 12374 | D:10     | Noticed Snorg
 12395 | D:10     | Killed Snorg
 12836 | D:10     | Found a staircase to the Orcish Mines.
 13013 | D:11     | Found a gate leading to a gauntlet.
 13020 | Gauntlet | Entered a Gauntlet
 13020 | Gauntlet | Found a transporter.
 13034 | Gauntlet | Found a transporter.
 13044 | Gauntlet | Found a transporter.
 13049 | Gauntlet | Found a transporter.
 13064 | Gauntlet | Found a transporter.
 13083 | Gauntlet | Found a transporter.
 13095 | Gauntlet | Found a transporter.
 13107 | Gauntlet | Found a transporter.
 13109 | Gauntlet | Noticed a green death
 13119 | Gauntlet | Found a transporter.
 13129 | Gauntlet | Noticed a blizzard demon
 13131 | Gauntlet | Found a transporter.
 13148 | Gauntlet | Found a transporter.
 13166 | Gauntlet | Found a transporter.
 13170 | Gauntlet | Found a transporter.
 13196 | Gauntlet | Found a transporter.
 13198 | Gauntlet | Found a transporter.
 13218 | Gauntlet | Found a transporter.
 13296 | Gauntlet | Found a transporter.
 13316 | Gauntlet | Found a transporter.
 13666 | Gauntlet | Identified the +0 cloak of Purpose {Dex+3}
 13753 | Gauntlet | Killed a green death
 13764 | Gauntlet | Reached skill level 1 in Spellcasting
 13764 | Gauntlet | Reached skill level 1 in Evocations
 13977 | Gauntlet | Identified the +0 pair of boots "Hocakher" {Harm Fly
                  | Stlth+}
 13996 | Gauntlet | Identified the +2 hand axe of Corpus Delicti {drain, rC+
                  | Int+4}
 13996 | Gauntlet | Noticed a minotaur
 14010 | Gauntlet | Killed a minotaur
 14249 | Lair:1   | Entered Level 1 of the Lair of Beasts
 14255 | Lair:1   | Learned a level 4 spell: Sticky Flame
 15344 | Lair:1   | Acquired a manual of Fighting
 15718 | Lair:1   | Reached XP level 13. HP: 111/111 MP: 20/20
 15723 | Lair:2   | Reached skill level 10 in Invocations
 15815 | Lair:2   | Found a staircase to the Shoals.
 15837 | Lair:2   | Reached skill level 10 in Fighting
 15837 | Lair:2   | Reached skill level 10 in Shields
 16146 | Lair:2   | Found a staircase to the Snake Pit.
 18189 | Lair:4   | Reached skill level 10 in Armour
 18804 | Lair:4   | Found a staircase to the Slime Pits.
 19296 | Lair:5   | Entered Level 5 of the Lair of Beasts
 19900 | Lair:5   | Reached skill level 15 in Fire Magic
 19918 | Lair:5   | Reached skill level 5 in Spellcasting
 20353 | Lair:5   | Reached skill level 1 in Alchemy
 20378 | Lair:5   | Reached XP level 14. HP: 76/124 MP: 22/22
 20851 | Lair:5   | Noticed Kirke
 20857 | Lair:5   | Noticed a sphinx
 20859 | Lair:5   | Killed Kirke
 20930 | Lair:5   | Reached skill level 5 in Alchemy
 21246 | Lair:5   | Learned a level 4 spell: Flame Wave
 21425 | Lair:5   | Found a corrupted altar of Lugonu.
 21425 | Lair:5   | Found a one-way gate to the infinite horrors of the Abyss.
 21869 | Orc:1    | Entered Level 1 of the Orcish Mines
 22106 | Orc:1    | Noticed Fannar
 22115 | Orc:1    | Killed Fannar
 22116 | Orc:1    | Reached skill level 15 in Axes
 22116 | Orc:1    | Reached skill level 1 in Dodging
 22339 | Orc:1    | Noticed a kraken
 22768 | Orc:2    | Entered Level 2 of the Orcish Mines
 23027 | Orc:2    | Noticed an orc warlord
 23036 | Orc:1    | Reached skill level 1 in Conjurations
 23261 | Orc:1    | Killed an orc warlord
 24121 | Orc:1    | Reached skill level 5 in Conjurations
 24342 | Orc:2    | Found a staircase to the Elven Halls.
 24798 | Orc:2    | Found Fyitof's General Store.
 24799 | Orc:2    | Found Hoc Gyuz's Jewellery Boutique.
 24801 | Orc:2    | Found Uhoigaam's Antique Armour Shop.
 24801 | Orc:2    | Found Xoysed's Antique Weapon Shop.
 25033 | Orc:2    | Bought a +2 plate armour of poison resistance for 555 gold
                  | pieces
 26097 | D:12     | Reached XP level 15. HP: 124/134 MP: 23/23
 27169 | D:13     | Found a gate to the Vaults.
 27473 | D:13     | Reached ***** piety under Qazlal
 28401 | D:14     | Noticed Roxanne
 29612 | D:14     | Identified the +3 broad axe of Brutal Revenge {speed, rElec
                  | rF+ Will+}
 29813 | D:15     | Entered Level 15 of the Dungeon
 30078 | D:15     | Found an ornate altar of the Wu Jian Council.
 30110 | D:15     | Noticed Azrael
 30140 | D:15     | Killed Azrael
 30141 | D:15     | Reached skill level 15 in Fighting
 30464 | D:15     | Found a staircase to the Depths.
 30497 | D:15     | Reached skill level 5 in Dodging
 31106 | Snake:1  | Entered Level 1 of the Snake Pit
 32614 | Snake:1  | Reached XP level 16. HP: 152/152 MP: 24/24
 32627 | Snake:1  | Noticed Nikola
 32648 | Snake:1  | Killed Nikola
 33230 | Snake:2  | Found Coneusk's Distillery.
 33292 | Snake:2  | Bought a potion of resistance for 130 gold pieces
 33292 | Snake:2  | Bought a potion of curing for 39 gold pieces
 33307 | Snake:2  | Found a glacial archway.
 34104 | Snake:2  | Found Cuoclilu's Gadget Gallery.
 34165 | Snake:2  | Bought a phantom mirror for 440 gold pieces
 34165 | Snake:2  | Bought a lightning rod (4/4) for 440 gold pieces
 34560 | Snake:3  | Found Cionil's Vocational Training.
 35685 | Snake:4  | Entered Level 4 of the Snake Pit
 37741 | Snake:4  | Reached XP level 17. HP: 133/165 MP: 11/25
 38898 | Snake:4  | Got a serpentine rune of Zot
 39257 | Shoals:1 | Entered Level 1 of the Shoals
 40030 | Shoals:1 | Reached ****** piety under Qazlal
 42069 | Shoals:2 | Found a runed translucent door.
 42073 | Shoals:2 | Noticed ezpacito's ghost (adept DsBe)
 42077 | Shoals:2 | Found the +5 moon troll leather armour {Spirit, Regen++
                  | MP+5}
 42346 | Shoals:2 | Killed ezpacito's ghost
 42352 | Shoals:2 | Identified the staff of the Vestibule of Hell {rPois rN+
                  | Dex+3 Alchemy}
 42963 | Shoals:3 | Reached skill level 16 in Fire Magic
 43373 | Shoals:4 | Entered Level 4 of the Shoals
 43376 | Shoals:4 | Acquired the +3 tower shield of Ciduuh {Rampage rF+ Str+2}
 43580 | Shoals:3 | Reached XP level 18. HP: 149/174 MP: 27/28
 43981 | Shoals:4 | Upgraded the game from 0.32-a0-314-g526f7d4993 to
                  | 0.32-a0-329-ge6c31236d6
 44211 | Shoals:4 | Got a barnacled rune of Zot
 44799 | Shoals:4 | Identified the staff of Enaoci {rPois rF+ rC+ Dex+2 SInv
                  | Fire}
 45041 | Vaults:1 | Entered Level 1 of the Vaults
 45265 | Vaults:1 | Paralysed by a formless jellyfish for 1 turns
 45444 | Vaults:1 | Identified the amulet of the Baku {Reflect Str+4 SH+5}
 45600 | Vaults:1 | Reached skill level 15 in Shields
 46174 | Vaults:1 | Identified the +1 plate armour of Defiance {^Drain Will++
                  | Int+4}
 46320 | Vaults:1 | Got the Book of Flammable Bewitchment
 47275 | Vaults:2 | Found Resu's Magic Scroll Shop.
 47449 | Vaults:2 | Reached XP level 19. HP: 183/183 MP: 24/31
 47557 | Vaults:2 | Reached skill level 17 in Fire Magic
 47877 | Vaults:2 | Bought a scroll of enchant weapon for 90 gold pieces
 47877 | Vaults:2 | Bought a scroll of enchant weapon for 90 gold pieces
 47877 | Vaults:2 | Bought a scroll of revelation for 90 gold pieces
 47877 | Vaults:2 | Bought a scroll of enchant weapon for 90 gold pieces
 47877 | Vaults:2 | Bought a scroll of teleportation for 36 gold pieces
 48107 | Vaults:2 | Identified the +6 long sword of Delyty {antimagic, Dex+2}
 48270 | Vaults:2 | Found a staircase to the Crypt.
 48915 | Vaults:3 | Reached skill level 10 in Dodging
 49119 | Vaults:3 | Reached skill level 15 in Invocations
 49729 | Vaults:3 | Found Dugig's Armour Emporium.
 50464 | Vaults:4 | Reached XP level 20. HP: 193/193 MP: 33/33
 51005 | Vaults:4 | Reached skill level 18 in Fire Magic
 51105 | Vaults:4 | Found a runed translucent door.
 51596 | Vaults:4 | Learned a level 4 spell: Manifold Assault
 51849 | Elf:1    | Entered Level 1 of the Elven Halls
 51884 | Elf:1    | Reached skill level 1 in Translocations
 52006 | Elf:1    | Identified the ring "Nafiecvoah" {rPois rC++ rCorr Int-2
                  | Dex+6}
 52059 | Elf:1    | Paralysed by an air elemental for 1 turns
 52065 | Elf:1    | Paralysed by an air elemental for 1 turns
 52086 | Elf:1    | Identified the ring "Keatty" {rF+ rC+ rCorr Str+3 Dex+6}
 52088 | Elf:1    | Identified the ring of Lady Luck {rF+ EV+5 Dex-3 Slay+2}
 52093 | Elf:1    | Reached skill level 5 in Translocations
 52327 | Elf:1    | Identified the ring "Etsis" {rPois rC+}
 52469 | Elf:1    | Found a runed translucent gate.
 52469 | Elf:1    | Found a runed translucent gate.
 52469 | Elf:1    | Found a runed translucent gate.
 52470 | Elf:1    | Noticed zenocrate's ghost (adept OpDe)
 52494 | Elf:1    | Paralysed by an air elemental for 1 turns
 52500 | Elf:1    | Paralysed by an air elemental for 1 turns
 52503 | Elf:1    | Killed zenocrate's ghost
 52521 | Elf:1    | Identified the +1 helmet of the Thistle {rElec Dex+5}
 52620 | Elf:1    | Found a magical portal.
 52958 | Elf:1    | Got the Exposition on Conjuration and Allies
 53217 | Elf:2    | Noticed Louise
 53241 | Elf:2    | Killed Louise
 53263 | Elf:2    | Found a runed translucent gate.
 53264 | Elf:2    | Found a runed translucent gate.
 53264 | Elf:2    | Found a runed translucent gate.
 53341 | Elf:2    | Found Feijefau's Book Shop.
 53454 | Elf:2    | Noticed Jorgrun
 53466 | Elf:2    | Killed Jorgrun
 53639 | Elf:2    | Reached XP level 21. HP: 191/202 MP: 31/34
 53678 | Elf:2    | Reached skill level 10 in Translocations
 53977 | Elf:3    | Entered Level 3 of the Elven Halls
 54343 | Elf:3    | Found Dorifar's Neck Hole.
 55818 | Depths:1 | Entered Level 1 of the Depths
 56108 | Depths:1 | Noticed a juggernaut
 56138 | Depths:1 | Killed a juggernaut
 56151 | Depths:1 | Noticed a juggernaut
 56181 | Depths:1 | Killed a juggernaut
 56435 | Depths:1 | Found the +10 dark maul {heavy}
 56472 | Depths:1 | Reached skill level 10 in Spellcasting
 56540 | Depths:1 | Found a gateway to Hell.
 56567 | Depths:1 | Found a runed translucent door.
 56916 | Snake:3  | Bought a manual of Evocations for 1600 gold pieces
 57366 | Vaults:4 | Identified the +1 leather armour of the Unseen Realm {-Cast
                  | rElec rPois rC+}
 57772 | Depths:1 | Paralysed by an air elemental for 1 turns
 57777 | Depths:1 | Paralysed by an air elemental for 1 turns
 57778 | Depths:1 | Reached skill level 5 in Evocations
 57791 | Depths:1 | Paralysed by an air elemental for 1 turns
 57800 | Depths:1 | Paralysed by an air elemental for 1 turns
 57841 | Depths:1 | Identified the staff of Nuameta {rElec rPois Air}
 58286 | Depths:1 | Found the crystal ball of Wucad Mu {*channel}
 59104 | Depths:2 | Reached skill level 10 in Evocations
 59219 | Depths:2 | Reached XP level 22. HP: 200/211 MP: 36/36
 59285 | Depths:2 | Identified the ring "Loism" {Ice rCorr Int+3 Dex+4}
 59285 | Depths:2 | Noticed Josephina
 59308 | Depths:2 | Killed Josephina
 59820 | Depths:2 | Reached XP level 23. HP: 217/217 MP: 37/37
 59951 | Depths:2 | Found a one-way gate leading to the halls of Pandemonium.
 60191 | Depths:3 | Found a one-way gateway to a ziggurat.
 60298 | Depths:3 | Noticed Jory
 60323 | Depths:3 | Killed Jory
 60326 | Depths:3 | Reached skill level 15 in Evocations
 61074 | Depths:3 | Identified the staff "Jusicsorph" {rN+ Str+2 SInv Necro
                  | Ice}
 61136 | Depths:3 | Reached skill level 15 in Armour
 61737 | Depths:1 | Learned a level 2 spell: Blink
 61795 | Depths:4 | Entered Level 4 of the Depths
 62063 | Depths:4 | Found an opulent altar of Gozag.
 62063 | Depths:4 | Found a glowing silver altar of Zin.
 62064 | Depths:4 | Found a broken altar of Ashenzari.
 62113 | Depths:4 | Noticed the Enchantress
 62175 | Depths:4 | Killed the Enchantress
 62358 | Depths:4 | Noticed a juggernaut
 62376 | Depths:4 | Killed a juggernaut
 62377 | Depths:4 | Reached skill level 19 in Fire Magic
 62549 | Depths:4 | Found a gate to the Realm of Zot.
 62991 | Depths:4 | Reached XP level 24. HP: 228/228 MP: 37/37
 63036 | Depths:4 | Noticed a juggernaut
 63064 | Depths:4 | Killed a juggernaut
 63194 | Depths:4 | Noticed Sojobo
 63765 | Depths:4 | Killed Sojobo
 64229 | Depths:4 | Identified the staff of Niach {rC+ Conj}
 64696 | Vaults:5 | Entered Level 5 of the Vaults
 64701 | Vaults:5 | Noticed an ancient lich
 64704 | Vaults:5 | Noticed an ancient lich
 64815 | Vaults:5 | Reached skill level 20 in Fire Magic
 64824 | Vaults:5 | Killed an ancient lich
 64857 | Vaults:5 | Killed an ancient lich
 65616 | Vaults:5 | Reached skill level 10 in Conjurations
 65810 | Vaults:5 | Noticed a dread lich
 65829 | Vaults:5 | Killed a dread lich
 65830 | Vaults:5 | Reached XP level 25. HP: 80/232 MP: 37/37
 65849 | Vaults:5 | Identified the +3 great sword "Wores" {flame, rPois rC+
                  | Str+7 Dex-5}
 65851 | Vaults:5 | Identified the ring "Qaitezxe" {rN+ Str+6 Slay+4}
 65870 | Vaults:5 | Identified the ring "Guyproihe" {Fire +Blink rCorr Str-4
                  | Int+5}
 66181 | Vaults:5 | Identified the +9 glaive "Niwkulid" {venom, rPois}
 66405 | Vaults:5 | Identified the +0 ring mail of the Dwarven Hall {Harm Will+
                  | Int-2}
 66735 | Vaults:5 | Noticed Saint Roka
 67139 | Vaults:5 | Killed Saint Roka
 67404 | Vaults:5 | Acquired a book of Annihilations
 67416 | Vaults:5 | Learned a level 9 spell: Fire Storm
 67425 | Vaults:5 | Got a silver rune of Zot
 67557 | Vaults:5 | Found the +8 storm bow {elec, penet}
 68553 | Orc:2    | Bought a pair of glowing boots for 225 gold pieces
 68553 | Orc:2    | Bought a pair of embroidered boots for 225 gold pieces
 68930 | Zot:1    | Entered Level 1 of the Realm of Zot
 69188 | Zot:1    | Noticed an orb of fire
 69197 | Zot:1    | Killed an orb of fire
 70084 | Zot:1    | Reached skill level 21 in Fire Magic
 73417 | Zot:4    | Noticed a Killer Klown
 73428 | Zot:4    | Killed a Killer Klown
 74000 | Zot:4    | Reached skill level 15 in Conjurations
 74300 | Zot:4    | Noticed a Killer Klown
 74315 | Zot:4    | Killed a Killer Klown
 74800 | Zot:5    | Entered Level 5 of the Realm of Zot
 74813 | Zot:5    | Noticed an orb of fire
 75008 | Zot:5    | Reached XP level 26. HP: 213/229 MP: 28/37
 75012 | Zot:5    | Killed an orb of fire
 75013 | Zot:5    | Reached skill level 22 in Fire Magic
 75887 | Zot:5    | Gained mutation: You are vulnerable to cold. (rC-)
                  | [mutagenic glow]
 75967 | Zot:5    | Noticed an orb of fire
 75978 | Zot:5    | Gained mutation: You are weak. (Str -2) [an orb of fire]
 75982 | Zot:5    | Gained mutation: You are very vulnerable to cold. (rC--)
                  | [an orb of fire]
 76002 | Zot:5    | Gained mutation: You have hidden genetic defects. [an orb
                  | of fire]
 76010 | Zot:5    | Killed an orb of fire
 76169 | Zot:5    | Lost mutation: You have hidden genetic defects. [potion of
                  | mutation]
 76169 | Zot:5    | Lost mutation: You are weak. (Str -2) [potion of mutation]
 76169 | Zot:5    | Gained mutation: Your movements are slightly less
                  | encumbered by armour. (ER -2) [potion of mutation]
 76169 | Zot:5    | Gained mutation: You are strong-willed. (Will+) [potion of
                  | mutation]
 76170 | Zot:5    | Lost mutation: Your movements are slightly less encumbered
                  | by armour. (ER -2) [potion of mutation]
 76170 | Zot:5    | Lost mutation: You are strong-willed. (Will+) [potion of
                  | mutation]
 76170 | Zot:5    | Lost mutation: You are very vulnerable to cold. (rC--)
                  | [potion of mutation]
 76170 | Zot:5    | Gained mutation: You have hidden genetic defects. [potion
                  | of mutation]
 76170 | Zot:5    | Gained mutation: You are agile. (Dex +4, Str/Int -1)
                  | [potion of mutation]
 76171 | Zot:5    | Lost mutation: You are vulnerable to cold. (rC-) [potion of
                  | mutation]
 76171 | Zot:5    | Lost mutation: You are agile. (Dex +4, Str/Int -1) [potion
                  | of mutation]
 76171 | Zot:5    | Lost mutation: You have hidden genetic defects. [potion of
                  | mutation]
 76171 | Zot:5    | Gained mutation: You are somewhat resistant to further
                  | mutation. [potion of mutation]
 76228 | Zot:5    | Noticed an orb of fire
 76236 | Zot:5    | Noticed an orb of fire
 76243 | Zot:5    | Gained mutation: Your body sometimes deteriorates upon
                  | taking damage. [an orb of fire]
 76251 | Zot:5    | Noticed an orb of fire
 76269 | Zot:5    | Noticed an orb of fire
 76274 | Zot:5    | Gained mutation: Armour fits poorly on your strangely
                  | shaped body. [an orb of fire]
 76280 | Zot:5    | Noticed an orb of fire
 76290 | Zot:5    | Noticed an ancient lich
 76545 | Zot:5    | Gained mutation: You are frail. (-10% HP) [an orb of fire]
 76558 | Zot:5    | Killed an orb of fire
 76562 | Zot:5    | Gained mutation: Potions are less effective at restoring
                  | your health. [an orb of fire]
 76640 | Zot:5    | Gained mutation: You occasionally shout uncontrollably at
                  | your foes. [an orb of fire]
 76642 | Zot:5    | Killed an orb of fire
 76645 | Zot:5    | Lost mutation: You are frail. (-10% HP) [potion of
                  | mutation]
 76645 | Zot:5    | Lost mutation: You occasionally shout uncontrollably at
                  | your foes. [potion of mutation]
 76645 | Zot:5    | Lost mutation: Your body sometimes deteriorates upon taking
                  | damage. [potion of mutation]
 76646 | Zot:5    | Lost mutation: Potions are less effective at restoring your
                  | health. [potion of mutation]
 76646 | Zot:5    | Lost mutation: You are somewhat resistant to further
                  | mutation. [potion of mutation]
 76646 | Zot:5    | Lost mutation: Armour fits poorly on your strangely shaped
                  | body. [potion of mutation]
 76646 | Zot:5    | Gained mutation: You have a somewhat thin skeletal
                  | structure. (Dex +2, Stealth+) [potion of mutation]
 76646 | Zot:5    | Gained mutation: Your body sometimes deteriorates upon
                  | taking damage. [potion of mutation]
 76646 | Zot:5    | Gained mutation: You are somewhat resistant to further
                  | mutation. [potion of mutation]
 76691 | Zot:5    | Killed an orb of fire
 76927 | Zot:5    | Killed an orb of fire
 76990 | Zot:5    | Noticed an orb of fire
 77007 | Zot:5    | Killed an orb of fire
 77192 | Zot:5    | Reached skill level 23 in Fire Magic
 77287 | Zot:5    | Killed an ancient lich
 77320 | Zot:5    | Gained mutation: You are vulnerable to heat. (rF-) [an orb
                  | of fire]
 77321 | Zot:5    | Killed an orb of fire
 77742 | Zot:5    | Got the Orb of Zot
 77923 | Zot:1    | Noticed Kelalept the pandemonium lord
 77949 | Zot:1    | Noticed Busudu the pandemonium lord
 78017 | Depths:4 | Killed Busudu the pandemonium lord
 78172 | Depths:2 | Noticed Ybeob the pandemonium lord
 78348 | D:8      | Noticed Muplun the pandemonium lord
 78597 | D:$      | Escaped with the Orb!

Illustrated notes

Levels and vault maps discovered:
D:1:      dpeg_arrival_leaves_temple_mockup, layout_basic,
          minmay_close_crescents
D:2:      layout_basic, basic_altar, serial_corexii_hall,
          corexii_hall_statues_deadend, corexii_hall_statues_x,
          corexii_hall_statues_x, corexii_hall_statues_u, serial_bayou_pond_d
D:3:      layout_basic, hellmonk_ecumenical_altar_blasted,
          gammafunk_ghost_grave, serial_forest, infiniplex_forest_lined_corner,
          infiniplex_forest_lined_3, infiniplex_forest_straight_2,
          infiniplex_forest_clump_double, infiniplex_forest_straight_4,
          uniq_jessica, uniq_grinder
D:4:      layout_cave_pools, enter_ossuary_5, ebering_ghost_reflecting_pool,
          minmay_manual_monstrance
D:5:      layout_basic, nicolae_gozag_cash_rules_everything_around_me,
          minmay_temple_entry_slanted, nicolae_nh_ransacked_shop, uniq_sigmund,
          uniq_edmund, uniq_ijyb, uniq_menkaure
D:6:      layout_loops_corners, uniq_blork_the_orc
D:7:      layout_gridville, gammafunk_ghost_berserking_beasts,
          corexii_checkpoint
D:8:      layout_basic, lair_entry_dummy, ebering_ghost_xom,
          uniq_prince_ribbit1, uniq_maurice
D:9:      layout_basic, zin_angel, serial_shops, nicolae_shop_industrial_runoff,
          minivault_19, hangedman_misty_isle
D:10:     layout_rooms, david_orc_4, enter_bailey_5, uniq_snorg
D:11:     layout_roguey, gauntlet_entry_generic, serial_undead, serial_undead_b,
          serial_undead_f, serial_undead_d, serial_undead_a
D:12:     layout_irregular_city
D:13:     wad_arrow_thing, layout_cave_pods, david_vaults_2, roderic_lattice_a
D:14:     layout_small_grid, hangedman_stone_soup, kennysheep_boxes,
          uniq_roxanne
D:15:     hangedman_depths_entry_try_elsewhere_first, layout_gridville,
          minmay_misc_feat_plants, nzn_wu_jian_contemplation, uniq_azrael
Temple:   mainiacjoe_temple_cubbyholes
Lair:1:   layout_chaotic_city, st_stairs_3
Lair:2:   layout_cave_shapes, nicolae_shoals_entry_roost, dummy_snake_entry,
          chequers_serial_rivers_small_3, serial_bayou_lagoon_b,
          infiniplex_staircase_pool, grunt_megastairs_5, serial_bayou_shore_b
Lair:3:   layout_cave_pods
Lair:4:   layout_roguey, minmay_slime_entry_pillars, infiniplex_staircase_pool_2
Lair:5:   hellmonk_lair_end_abyssal_woods, layout_cave_pods,
          chequers_serial_rivers_room_b, uniq_kirke
Shoals:1: layout_shoals, nicolae_shoals_nymph_descending_staircase
Shoals:2: layout_shoals, ebering_ghost_reflecting_pool,
          nicolae_shoals_goliath_grotto
Shoals:3: layout_shoals
Shoals:4: shoals_end_grunt_garden, layout_shoals
Snake:1:  layout_misc_corridors, uniq_nikola
Snake:2:  layout_grid_maze, portal_ice_cave_entry_pillars_three, serial_shops,
          shop_statue, nicolae_shop_gadgets
Snake:3:  layout_basic, nicolae_shop_vocational
Snake:4:  snake_pit, layout_cave_town, nicolae_snake_guarding_the_ruins
Orc:1:    layout_diamond_mine, mainiacjoe_minedec_watcher_in_the_water,
          uniq_fannar
Orc:2:    st_orc_congregation, layout_caves, blackcustard_rock_pile
Elf:1:    minmay_the_grid_triangle_9x9_rhombus_full_mashed
          [minmay_the_grid_triangle_9x9_semitri,
          minmay_the_grid_triangle_9x9_impossible_snake,
          minmay_the_grid_triangle_9x9_alien,
          minmay_the_grid_triangle_9x9_intruding_spiral,
          minmay_the_grid_triangle_9x9_warning,
          minmay_the_grid_triangle_9x9_flanged_cone,
          minmay_the_grid_triangle_9x9_from_above,
          minmay_the_grid_triangle_9x9_prize_special], layout_onion_city,
          infiniplex_enter_wizlab_water, gammafunk_ghost_tricky_traps,
          minmay_elf_sorcery
Elf:2:    nicolae_elf_blades_crystal_corner, layout_geoelf_octagon,
          serial_shops, nicolae_shop_tiny_waterfront, uniq_louise, uniq_jorgrun
Elf:3:    minmay_elf_hall_statues, layout_gridlike,
          nicolae_shop_sticking_my_neck_out, grunt_megastairs_1
Vaults:1: nicolae_vaults_rhombus_7, vaults_mumra_chevron,
          nicolae_vaults_apartment_2, vaults_dpeg_diagonal,
          nicolae_vaults_big_ls, hangedman_vaults_stagger,
          nicolae_vaults_trapezoid_3, v_misc_10, layout_vaults_ring
Vaults:2: nicolae_vaults_door_testing_chamber, nicolae_vaults_two_Ls,
          vaults_mumra_hex, nicolae_vaults_alarming,
          minmay_crypt_entry_simple_box, v_rooms_4, v_misc_5,
          nicolae_vaults_surprise_closet, grunt_vaults_focal,
          layout_vaults_omnicross, serial_shops, nicolae_shop_peninsula
Vaults:3: v_misc_8, nicolae_vaults_apartment_1, v_alt_pattern_6,
          nicolae_vaults_network_s, hangedman_vaults_stretched_pinwheel,
          hangedman_vaults_stitches, nicolae_vaults_variable_pillar_hall,
          nicolae_vaults_trapezoid_lopsided_1,
          nicolae_vaults_storage_room_statues, v_misc_27,
          nicolae_vaults_taking_the_gang_shopping, layout_vaults_omnigrid
Vaults:4: nicolae_vaults_trapezoid_lopsided_1, nicolae_vaults_wine_cellar,
          vaults_room_pool, ontoclasm_vaults_idyll, v_misc_2,
          nicolae_vaults_oval_intersection, nicolae_vaults_oozy_zoo,
          dpeg_vaults_monster_box, vaults_mumra_minichess,
          hangedman_vaults_stretched_pinwheel, layout_vaults_big_room
Vaults:5: uniq_saint_roka
Depths:1: minmay_roctagon, layout_cross, chequers_serial_rivers_large_a,
          abyss_entry, grunt_mini_vestibule, hangedman_aerie_drop
Depths:2: dreamdust_experimentation, layout_honeycomb, nicolae_lava_and_water,
          abyss_entry, rand_demon_pan_entry_1, pf_hell_entry_tar_spiral,
          uniq_josephina
Depths:3: minmay_tri_box, layout_gridlike, enter_ziggurat_f,
          chequers_serial_rivers_small_3, minmay_room_of_horrors, hell_entry,
          rand_demon_pan_entry_4, uniq_jory
Depths:4: hangedman_slaughterboxes, hell_entry, uniq_enchantress, uniq_sojobo
Zot:1:    lemuel_firehouse, layout_concentric_octagons,
          regret_index_zotdec_gossamer_parallel
Zot:2:    layout_misc_corridors
Zot:3:    layout_cathedral_of_symmetry, regret_index_zotdec_banners
Zot:4:    layout_gridlike
Zot:5:    layout_misc_corridors, nicolae_zot_crop_circle

Skill      XL: |  1  2  3  4  5  6  7  8  9 10 11 12 13 14 15 16 17 18 19 20 21 22 23 24 25 26 |
---------------+-------------------------------------------------------------------------------+-----
Axes           | 3 4 5 7 8 10 12 13 14 15 17 18 | 18.0
Armour         | 4 5 6 7 8 9 10 12 13 14 15 16 | 16.8
Shields        | 4 5 6 7 8 9 11 12 14 15 17 18 19 | 19.3
Fighting       | 4 5 6 7 8 9 11 12 16 18 19 20 21 22 | 22.0
Invocations    | 1 2 3 5 7 8 9 11 13 14 15 16 | 16.9
Fire Magic     | 14 15 16 17 18 19 20 21 23 | 23.5
Spellcasting   | 2 5 7 8 9 10 | 10.4
Evocations     | 2 10 13 16 | 16.1
Alchemy        | 2 5 |  5.0
Dodging        | 2 5 8 9 10 | 10.0
Conjurations   | 5 6 7 10 15 18 | 18.1
Translocations | 9 11 | 11.0

Action                     |  1- 3 |  4- 6 |  7- 9 | 10-12 | 13-15 | 16-18 | 19-21 | 22-24 | 25-27 || total
---------------------------+-------+-------+-------+-------+-------+-------+-------+-------+-------++-------
  Melee: War axe           |   104 |   189 |   318 |   238 |       |       |       |       |       ||   849
         Flail             |       |       |   204 |   230 |    39 |       |       |       |       ||   473
         Broad axe         |       |       |       |    34 |  1413 |  1877 |  1705 |  1477 |  1549 ||  8055
  Throw: Dart              |       |       |       |       |     2 |       |       |       |       ||     2
   Cast: Volatile Blastmot |       |       |       |     4 |     6 |       |       |       |       ||    10
         Sticky Flame      |       |       |       |     1 |    61 |    63 |    16 |       |       ||   141
         Flame Wave        |       |       |       |       |     7 |       |       |       |       ||     7
         Manifold Assault  |       |       |       |       |       |       |    35 |    33 |    41 ||   109
         Blink             |       |       |       |       |       |       |       |     1 |       ||     1
 Invoke: Upheaval          |       |       |     3 |    14 |    24 |     5 |     4 |     2 |    19 ||    71
         Elemental Force   |       |       |       |       |     1 |     3 |     1 |       |       ||     5
         Disaster Area     |       |       |       |       |       |       |       |       |     1 ||     1
  Evoke: Wand              |       |       |       |     5 |     2 |       |       |     1 |     3 ||    11
         Tin of tremorston |       |       |       |       |       |       |       |     2 |       ||     2
    Use: Potion            |       |     1 |     1 |     3 |     8 |     1 |       |     2 |    17 ||    33
         Scroll            |       |       |       |    21 |    10 |     7 |    10 |     3 |    15 ||    66
   Stab: Petrified         |       |       |       |       |     4 |       |       |       |       ||     4
         Invisible         |       |       |       |       |     1 |       |       |       |       ||     1
         Paralysed         |       |       |       |       |       |     2 |       |       |       ||     2
         Distracted        |       |       |       |       |       |       |     2 |     3 |     1 ||     6
 Armour: Scale mail        |    45 |       |       |       |       |       |       |       |       ||    45
         Chain mail        |    35 |   192 |   447 |   271 |   258 |       |       |       |       ||  1203
         Ring mail         |       |       |       |   126 |    53 |       |       |       |       ||   179
         Plate armour      |       |       |       |       |   923 |   594 |   348 |   185 |   365 ||  2415
         Troll leather arm |       |       |       |       |       |   161 |       |       |       ||   161
         Acid dragon scale |       |       |       |       |       |       |       |   109 |       ||   109
  Dodge: Dodged            |    49 |    75 |   170 |   183 |   412 |   282 |   170 |   182 |   197 ||  1720
         Repelled          |       |       |     1 |     1 |    13 |    27 |    22 |    14 |    34 ||   112
  Block: Buckler           |    28 |    53 |   240 |   294 |   953 |       |       |       |       ||  1568
         Kite shield       |       |       |       |       |    23 |  1094 |       |       |       ||  1117
         Tower shield      |       |       |       |       |       |   567 |  1422 |  1284 |  1243 ||  4516
         Reflection        |       |       |       |       |       |     9 |   142 |    22 |    16 ||   189

Table legend: (Time is in decaauts)
 A = Elapsed time spent in this place.
 B = Non-inter-level travel time spent in this place.
 C = Inter-level travel time spent in this place.
 D = Time resting spent in this place.
 E = Time spent auto-exploring this place.
 F = Levels seen in this place.
 G = Mean time per level.
                   A        B        C        D        E       F      G
               +--------+--------+--------+--------+--------+-----+--------+
         Total |  75997 |  69706 |   6291 |  20078 |  34141 |  51 | 1490.1 |
       Dungeon |  19613 |  16900 |   2713 |   3070 |  10399 |  15 | 1307.5 |
        Temple |     87 |     87 |      0 |     60 |      0 |   1 |   87.0 |
          Lair |   9556 |   9113 |    443 |   4096 |   3542 |   5 | 1911.2 |
        Shoals |   4885 |   4742 |    143 |    893 |   2364 |   4 | 1221.2 |
     Snake Pit |   6870 |   6290 |    580 |   1819 |   2842 |   4 | 1717.5 |
  Orcish Mines |   3293 |   3064 |    229 |   1635 |    785 |   2 | 1646.5 |
   Elven Halls |   3159 |   2944 |    215 |    405 |   1688 |   3 | 1053.0 |
        Vaults |   9637 |   8904 |    733 |   2325 |   4665 |   5 | 1927.4 |
        Depths |   7721 |   6908 |    813 |   1878 |   3356 |   4 | 1930.2 |
           Zot |   8477 |   8059 |    418 |   3114 |   3458 |   5 | 1695.4 |
       Ossuary |    526 |    526 |      0 |    167 |    128 |   1 |  526.0 |
        Bailey |   1049 |   1049 |      0 |    113 |    567 |   1 | 1049.0 |
      Gauntlet |   1119 |   1119 |      0 |    502 |    345 |   1 | 1119.0 |
               +--------+--------+--------+--------+--------+-----+--------+

Top non-repeatable levels by time:
  Lair:2: 2911 daAuts
Depths:4: 2749 daAuts
Vaults:5: 2644 daAuts
 Snake:3: 2502 daAuts
  Lair:5: 2383 daAuts
   Orc:1: 2299 daAuts
   Zot:4: 2113 daAuts
 Snake:4: 2101 daAuts
    D:13: 2031 daAuts
Vaults:2: 1861 daAuts
   Zot:5: 1839 daAuts
Vaults:4: 1819 daAuts
Depths:1: 1780 daAuts
   Zot:1: 1727 daAuts
Vaults:1: 1666 daAuts
